 Dungeon Crawl Stone Soup version 0.28-b1-25-g9875b3fc8c (webtiles) character file.

Game seed: 17823770826819195898

780 mcbry74 the Grappler (level 7, -5/62 HPs)
             Began as a Troll Gladiator on Feb 1, 2022.
             Was an Initiate of Trog.
             Slain by a gnoll sergeant (11 damage)
             ... on level 6 of the Dungeon.
             The game lasted 00:12:31 (3611 turns).

mcbry74 the Grappler (Troll Gladiator)              Turns: 3611, Time: 00:12:32

Health: -5/62      AC:  5    Str: 23    XL:     7   Next: 55%
Magic:  6/6        EV: 10    Int:  6    God:    Trog [......]
Gold:   394        SH:  0    Dex: 11    Spells: 6/6 levels left

rFire   . . .      SeeInvis .     - Unarmed
rCold   . . .      Faith    .   (no shield)
rNeg    . . .      Spirit   .   a - +0 robe
rPois   .          Reflect  .   b - +1 hat
rElec   .          Harm     .   (no cloak)
rCorr   .          Rampage  .   (gloves unavailable)
Will    .....                   (boots unavailable)
Stlth   +.........              (no amulet)
HPRegen 1.00/turn               (no ring)
MPRegen 0.10/turn               (no ring)

@: no status effects
A: large, unfitting armour, claws 3, regeneration 1, shaggy fur 1, tough skin 1
a: Renounce Religion


You were on level 6 of the Dungeon.
You worshipped Trog.
Trog was noncommittal.
You visited 1 branch of the dungeon, and saw 6 of its levels.

You collected 394 gold pieces.

Inventory:

Hand Weapons
 f - a +0 whip
Missiles
 c - 3 throwing nets (quivered)
 e - 2 javelins
 j - 10 sling bullets
 l - a boomerang
 o - 3 large rocks
 u - 5 poisoned darts
Armour
 a - a +0 robe (worn)
 b - a +1 hat (worn)
Jewellery
 h - an amulet of faith
Wands
 m - a wand of paralysis (8)
Scrolls
 d - 2 scrolls of fog
 g - 4 scrolls of teleportation
 k - a scroll of blinking
 p - a scroll of amnesia
 q - a scroll of fear
 t - a scroll of enchant weapon
Potions
 i - a potion of might {unknown}
 n - a potion of flight {unknown}
 r - a potion of mutation {unknown}
 s - 2 potions of curing {unknown}
 v - a potion of attraction {unknown}


   Skills:
 - Level 1.5 Fighting
 - Level 1.7 Throwing
 - Level 2.4 Dodging
 + Level 9.0 Unarmed Combat


You had 6 spell levels left.
You didn't know any spells.
Your spell library contained the following spells:

 Spells                   Type           Power      Damage    Failure   Level
 Slow                     Hex            0%         N/A       45%         1
 Confusing Touch          Hex            0%         N/A       83%         3
 Dazzling Flash           Conj/Hex       0%         N/A       83%         3
 Vampiric Draining        Necr           0%         2d6       83%         3
 Iskenderun's Mystic Bla  Conj/Tloc      0%         2d3       99%         4
 Starburst                Conj/Fire      0%         6d3       100%        6


Dungeon Overview and Level Annotations

Branches:
Dungeon (6/15)
 Temple: D:4-7

Altars:
Ashenzari
Elyvilon
Fedhas
Kikubaaqudgha
Nemelex Xobeh
Qazlal
Ru
Trog
Wu Jian
Yredelemnul
Zin

Shops:
D:2 =


Innate Abilities, Weirdness & Mutations

You are too large for most types of armour.
You have claws for hands.
Your natural rate of healing is unusually fast.
You are covered in fur. (AC +1)
You have tough skin. (AC +1)


Message History

You see here 5 poisoned darts.
u - 5 poisoned darts
Found a stone staircase leading down.
There is a stone staircase leading down here.
You hear the hiss of a very distant avalanche of sand.
You open the door.
A gnoll sergeant and 2 gnolls come into view.
A gnoll is wielding a +1 vorpal halberd.
A gnoll is wielding a +1 vorpal spear.
The gnoll sergeant shouts!
The gnoll shouts! x2
A gnoll comes into view. It is wielding a +0 whip.
There is an open door here.
The gnoll shouts!
The gnoll hits you with a +1 vorpal spear!
The gnoll sergeant hits you from afar with a +0 spear!
You claw the gnoll!
The gnoll is severely wounded.
The gnoll hits you with a +1 vorpal spear.
The gnoll sergeant hits you from afar with a +0 spear!
You barely miss the gnoll.
The gnoll is severely wounded.
The gnoll hits you with a +1 vorpal spear.
You closely miss the gnoll.
The gnoll is severely wounded.
The gnoll sergeant misses you. The gnoll barely misses you.
You mangle the gnoll!!
You kill the gnoll!
Trog accepts your kill.
The gnoll sergeant hits you but does no damage.
The gnoll sergeant hits you with a +0 spear.
You scratch the gnoll sergeant but do no damage.
The gnoll sergeant hits you with a +0 spear.
The gnoll barely misses you.
You scratch the gnoll sergeant but do no damage.
The gnoll hits you from afar with a +1 vorpal halberd!
* * * LOW HITPOINT WARNING * * *
The gnoll hits you with a +1 vorpal halberd!
* * * LOW HITPOINT WARNING * * *
x2 The gnoll barely misses you.
The gnoll sergeant barely misses you.
The gnoll sergeant hits you from afar with a +0 spear!
You die...

### ..# #.# ###########.#
#....gg.....#
#.########..################
#.# ###.>...............#
#.# #..gg.#############..
#g# #...@.# ##. #g# #.g...#
#. #.# #.....# ## #.#
###..## # #.# #..# # #.#
#... # #'# ##+## #...# #...#
#####


You could see a gnoll sergeant and 2 gnolls.

Vanquished Creatures
  A black bear (D:5)
  2 phantoms (D:4)
  2 scorpions (D:5)
  2 jellies
  A hound (D:5)
  A centaur skeleton (D:3)
  An orc priest (D:3)
  An iguana (D:4)
  2 orc wizards (D:3)
  A hound zombie (D:5)
  4 adders
  5 gnolls
  A river rat (D:4)
  2 adder skeletons (D:4)
  4 worms
  A dart slug (D:4)
  8 orcs
  3 endoplasms
  3 giant cockroaches
  8 goblins
  9 hobgoblins
  7 ball pythons
  4 bats
  2 frilled lizards
  4 kobolds
  10 rats
89 creatures vanquished.

Vanquished Creatures (others)
  A fungus (D:6)
  4 toadstools (D:6)
5 creatures vanquished.

Grand Total: 94 creatures vanquished

Notes
Turn   | Place    | Note
-------+----------+-------------------------------------------
     0 | D:1      | mcbry74 the Troll Gladiator began the quest for the Orb.
     0 | D:1      | Reached XP level 1. HP: 19/19 MP: 0/0
   397 | D:1      | Reached XP level 2. HP: 27/27 MP: 1/1
   964 | D:2      | Found Susirul's Jewellery Shop.
  1013 | D:2      | Found an ancient bone altar of Kikubaaqudgha.
  1022 | D:2      | Reached skill level 4 in Unarmed Combat
  1056 | D:2      | Reached XP level 3. HP: 33/33 MP: 2/2
  1073 | D:2      | You fall into a shaft and drop 1 floor!
  1208 | D:3      | Reached skill level 5 in Unarmed Combat
  1208 | D:3      | Reached XP level 4. HP: 41/41 MP: 3/3
  1299 | D:3      | Reached XP level 5. HP: 47/48 MP: 4/4
  1322 | D:3      | Reached skill level 6 in Unarmed Combat
  1610 | D:4      | Noticed a phantom
  1625 | D:4      | Killed a phantom
  1626 | D:4      | Reached XP level 6. HP: 12/55 MP: 5/5
  1936 | D:4      | Reached skill level 7 in Unarmed Combat
  2608 | D:5      | Entered Level 5 of the Dungeon
  2670 | D:5      | Reached skill level 8 in Unarmed Combat
  2724 | D:5      | Reached XP level 7. HP: 59/62 MP: 6/6
  2829 | D:5      | Found a sparkling altar of Nemelex Xobeh.
  2829 | D:5      | Found a stormy altar of Qazlal.
  2835 | D:5      | Found an ornate altar of the Wu Jian Council.
  2836 | D:5      | Found a broken altar of Ashenzari.
  2836 | D:5      | Found a white marble altar of Elyvilon.
  2836 | D:5      | Found a bloodstained altar of Trog.
  2836 | D:5      | Found a glowing silver altar of Zin.
  2838 | D:5      | Found a blossoming altar of Fedhas.
  2839 | D:5      | Found a basalt altar of Yredelemnul.
  2840 | D:5      | Found a sacrificial altar of Ru.
  2860 | D:5      | Became a worshipper of Trog the Wrathful
  3328 | D:6      | Reached skill level 9 in Unarmed Combat
  3611 | D:6      | Slain by a gnoll sergeant

Illustrated notes

Levels and vault maps discovered:
D:1:      heliophobic_arrival_battle_scene, layout_loops_corners,
          minmay_misc_feat_pillars, kennysheep_flooded_box,
          chequers_serial_rivers_small_3, amcnicky_mini_pool_small
D:2:      layout_basic, serial_shops, shop, shop, basic_altar
D:3:      layout_rooms, kennysheep_doodads
D:4:      layout_gridville, portal_sewer_entry_c
D:5:      layout_rooms, minitemple, kennysheep_diamond, serial_bayou_lake_a
D:6:      layout_basic, minmay_temple_entry_wispy, chequers_ossuary_entry_cave,
          minmay_gold_behind_fungi

Skill      XL: |  1  2  3  4  5  6  7 |
---------------+----------------------+-----
Unarmed Combat | 4 5 6 8 9 |  9.0
Fighting       | |  1.5
Throwing       | |  1.7
Dodging        | |  2.4

Action                   |  1- 3 |  4- 6 |  7- 9 || total
-------------------------+-------+-------+-------++-------
Melee: Unarmed           |    82 |   122 |    29 ||   233
       Punch             |     2 |     4 |     3 ||     9
  Use: Scroll            |       |       |     9 ||     9
Armor: Robe              |    27 |    33 |     4 ||    64
Dodge: Dodged            |    34 |    53 |    15 ||   102
